Workbook
Name Tipos: [1]TABLA!$G$2:$G$4

Sheet Pág. preliminar
B4: Actividad Cumplida
B5: Si
B6: No | C6: 0
B7: En Proceso | C7: 0.5
B8: No Aplica | C8: 1

Sheet MATRIZ DE RESUMEN
A2: REG-PLA-003 | D2: EMSERPA E.I.C.E E.S.P
A3: Versión 01 | D3: PLAN ANTICORRUPCIÓN Y DE ATENCIÓN AL CIUDADANO
A4: Edición: 04/02/2022
B6: Anexo 1. Matriz Resumen
B8: Ítem | C8: Componente | D8: I Cuatrimestre Vigencia 2024 | E8: II Cuatrimestre Vigencia 2024 | F8: III Cuatrimestre Vigencia 2024 | G8: Porcentaje de Cumplimiento Evidenciado
B9: 1 | C9: COMPONENTE 1: Gestión del Riesgo de Corrupción - Mapa de Riesgos de Corrupción | D9: =COMP1_MAPRIESGO!B20 -> 0.75 | E9: =COMP1_MAPRIESGO!B21 -> #DIV/0! | F9: =COMP1_MAPRIESGO!B22 -> #DIV/0! | G9: =COMP1_MAPRIESGO!B23 -> #DIV/0!
B10: 2 | C10: COMPONENTE 2: Racionalización de Trámites. | D10: =COMP2_RACTRAM!B15 -> 1 | E10: =COMP2_RACTRAM!B16 -> #DIV/0! | F10: =COMP2_RACTRAM!B17 -> #DIV/0! | G10: =COMP2_RACTRAM!B18 -> #DIV/0!
B11: 3 | C11: COMPONENTE 3: Rendición de Cuentas. | D11: =COMP3_RENDCUEN!B20 -> 0.125 | E11: =COMP3_RENDCUEN!B21 -> #DIV/0! | F11: =COMP3_RENDCUEN!B22 -> #DIV/0! | G11: =COMP3_RENDCUEN!B23 -> #DIV/0!
B12: 4 | C12: COMPONENTE 4: Mecanismo para Mejorar la Atención al Ciudadano. | D12: =COMP4_ATENCIUD!B24 -> 0.5 | E12: =COMP4_ATENCIUD!B25 -> #DIV/0! | F12: =COMP4_ATENCIUD!B26 -> #DIV/0! | G12: =COMP4_ATENCIUD!B27 -> #DIV/0!
B13: 5 | C13: COMPONENTE 5: Mecanismos para la Transparencia y Acceso a la Información. | D13: =COMP5_TRANSINFOR!B22 -> 0.8 | E13: =COMP5_TRANSINFOR!B23 -> #DIV/0! | F13: =COMP5_TRANSINFOR!B24 -> #DIV/0! | G13: =COMP5_TRANSINFOR!B25 -> #DIV/0!
B14: 6 | C14: COMPONENTE 6: Iniciativas Adicionales. | D14: =COMP6_INICADIC!B14 -> 0 | E14: =COMP6_INICADIC!B15 -> #DIV/0! | F14: =COMP6_INICADIC!B16 -> #DIV/0! | G14: =COMP6_INICADIC!B17 -> #DIV/0!
B15: TOTAL | D15: =AVERAGE(D9:D14) -> 0.52916667 | E15: =AVERAGE(E9:E14) -> #DIV/0! | F15: =AVERAGE(F9:F14) -> #DIV/0! | G15: =AVERAGE(G9:G14) -> #DIV/0!

Sheet COMP1_MAPRIESGO
A2: REG-PLA-003 | C2: EMSERPA E.I.C.E E.S.P
A3: Versión 01 | C3: PLAN ANTICORRUPCIÓN Y DE ATENCIÓN AL CIUDADANO
A4: Edición: 04/02/2022
A6: Vigencia: 2024 | G6: I MONITOREO | J6: II MONITOREO | M6: III MONITOREO
A7: Fecha Publicación: 31 de Enero
A8: COMPONENTE 1: Gestión del Riesgo de Corrupción - Mapa de Riesgos de Corrupción
A9: Subcomponente | B9: Actividades | D9: Meta o Producto | E9: Responsable | F9: Fecha Programada | G9: Actividad Cumplida | H9: Avance % | I9: Observaciones | J9: Actividad Cumplida | K9: Avance % | L9: Observaciones | M9: Actividad Cumplida | N9: Avance % | O9: Observaciones
A10: Subcomponente/Proceso 1 Política de Administración de Riesgos | B10: 1.1 | C10: Revisar, validar y/o actualizar la Política de Administración del Riesgos de la Empresa Municipal de Servicios Públicos de Arauca - EMSERPA E.I.C.E. E.S.P., para la vigencia 2024, conforme a las instrucciones establecidas en la Guía para la administración del Riesgo y el diseño de controles en entidades públicas Versión 6 de Noviembre de 2022. | D10: Política de administración de Riesgos revisada y/o actualizada para la vigencia 2024. | E10: Oficina Asesora de Planeación. Oficina Asesora de Control Interno. | F10: 45387 | G10: En Proceso | H10: 0.5 | I10: El equipo de trabajo se encuentra realizando la actualización correspondiente.
B11: 1.2 | C11: Socializar a los líderes de proceso, funcionarios y demás personal involucrado, la Política de Administración del Riesgos de la Empresa Municipal de Servicios Públicos de Arauca - EMSERPA E.I.C.E. E.S.P., para la vigencia 2024. | D11: Política de administración de Riesgos revisada y/o actualizada para la vigencia 2024 socializada con soportes respectivos. | E11: Oficina Asesora de Planeación. Oficina Asesora de Control Interno. | F11: 45401 | G11: No | H11: 0 | I11: No se ha socializado, teniendo en cuenta que no se ha realizado la actualización.
A12: Subcomponente/Proceso 2 Construcción del Mapa de Riesgos de Corrupción | B12: 2.1 | C12: Construir o Revisar el Mapa de riesgos de corrupción de la Empresa Municipal de Servicios Públicos de Arauca - EMSERPA E.I.C.E. E.S.P., para la vigencia 2024 con participación activa de todos los líderes de proceso basado en las instrucciones establecidas en la Guía para la administración del Riesgo y el diseño de controles en entidades públicas Versión 6 de Noviembre de 2022. | D12: Mapa de riegos de corrupción por procesos publicado en la página WEB de la entidad, con fines de recibir sugerencias internas y externas. | E12: Gerente, Oficina de Control Interno. Oficina Asesora de Planeación. Oficina Asesora Jurídica. Director Comercial. Director Técnico Operativo. Director Administrativo y Financiero. | F12: 45397 | G12: Si | H12: 1 | I12: Se realizó la contrucción del mapa de riesgos de corrupción.
B13: 2.2 | C13: Revisar, validar y/o actualizar el Mapa de riesgos de corrupción de la Empresa Municipal de Servicios Públicos de Arauca, para la vigencia 2024 con participación activa de todos los líderes de proceso basado en las instrucciones establecidas en la Guía para la administración del Riesgo y el diseño de controles en entidades públicas Versión 6 de Noviembre de 2022. | D13: Mapa de riegos de corrupción por procesos revisado y/o actualizado para la vigencia 2024. | E13: Oficina Asesora de Planeación. | F13: 15/08/2024 15/12/2024 | G13: Si | H13: 1 | I13: Se actualizó el mapa de riesgos de corrupción.
A14: Subcomponente/Proceso 3 Consulta y Divulgación | B14: 3.1 | C14: Socializar el Mapa de Riesgos de Corrupción a todos los funcionarios y demás personal involucrado, así como al ciudadano a través de la cartelera oficial y pagina web de la Empresa Municipal de Servicios Públicos de Arauca - EMSERPA E.I.C.E. E.S.P. | D14: Mapa de Riesgo de Corrupción Vigencia 2024 publicado en página web | E14: Oficina Asesora de Planeación | F14: 45408 | G14: Si | H14: 1 | I14: Se socializó el mapa de riesgos de corrupción.
A15: Subcomponente/Proceso 4 Monitoreo y Revisión | B15: 4.1 | C15: Monitoreo periódico cuatrimestral al cumplimiento de las actividades establecidas en los controles del Mapa de Riesgo de Corrupción para la vigencia 2024. | D15: Reporte de cumplimiento realizado de manera Cuatrimestral, de las Actividades establecidas en los controles planteados, materializado en el mapa de riesgos de corrupción de la entidad. | E15: Gerente. Oficina de Control Interno. Oficina Asesora de Planeación. Oficina Asesora Jurídica. Director Comercial. Director Técnico Operativo. Director Administrativo y Financiero. | F15: I Cuatrimestre: Enero - Abril/2024 Primer informe de cumplimiento: 10/05/2024 II Cuatrimestre: Mayo - Agosto/2024 Segundo informe de cumplimiento: 10/09/2024 III Cuatrimestre: Septiembre - Diciembre/2024 Tercer informe de cumplimiento: 10/01/2025 | G15: Si | H15: 0.5 | I15: Se llevó a cabo el primer monitoreo al mapa de riesgos de corrupción.
A16: Subcomponente/Proceso 5 Seguimiento | B16: 5.1 | C16: Consolidación del Reporte de cumplimiento realizado de manera Cuatrimestral, de las Actividades establecidas en los controles planteados del Mapa de Riesgo de Corrupción 2024 | D16: Mapa de Riesgo de Corrupción 2024 consolidado y remitido a Oficina de Control Interno para su evaluación y seguimiento. | E16: Oficina Asesora de Planeación. | F16: I Cuatrimestre: Enero - Abril/2024 Primer informe de cumplimiento: 10/05/2024 II Cuatrimestre: Mayo - Agosto/2024 Segundo informe de cumplimiento: 10/09/2024 III Cuatrimestre: Septiembre - Diciembre/2024 Tercer informe de cumplimiento: 10/01/2025 | G16: Si | H16: 1 | I16: Se envió el reporte a la oficina de control interno.
B17: 5.2 | C17: Seguimiento y Evaluación Cuatrimestral al Mapa de Riesgo de Corrupción 2024. | D17: Informe de la Oficina de Control Interno, Publicado en página web de la Empresa Municipal de Servicios Públicos de Arauca - EMSERPA E.I.C.E. E.S.P., de cada uno de los seguimientos cuatrimestrales realizados al Mapa de Riesgos de Corrupción para la vigencia 2024. | E17: Oficina Control Interno. | F17: Primer informe de seguimiento: 10/05/2024 Segundo informe de seguimiento: 10/09/2024 Tercer informe de seguimiento: 10/01/2025 | G17: Si | H17: 1 | I17: La oficina de control interno realizó el seguimiento al primero monitoreo del mapa de riesgos de corrupción 2024.
A19: AVANCE | B19: =A8 -> COMPONENTE 1: Gestión del Riesgo de Corrupción - Mapa de Riesgos de Corrupción
A20: I Monitoreo | B20: =AVERAGE(H10:H17) -> 0.75
A21: II Monitoreo | B21: =AVERAGE(K10:K17) -> #DIV/0!
A22: III Monitoreo | B22: =AVERAGE(N10:N17) -> #DIV/0!
A23: Promedio de Avance Componente 1 | B23: =AVERAGE(B20:D22) -> #DIV/0!

Sheet COMP2_RACTRAM
A2: REG-PLA-003 | C2: EMSERPA E.I.C.E E.S.P
A3: Versión 01 | C3: PLAN ANTICORRUPCIÓN Y DE ATENCIÓN AL CIUDADANO
A4: Edición: 04/02/2022
A7: Vigencia: 2024 | P7: I MONITOREO | S7: II MONITOREO | V7: III MONITOREO
A8: Fecha Publicación: 31 de Enero
A9: COMPONENTE 2: Racionalizacion de Trámites
A10: DATOS TRÁMITES A RACIONALIZAR | E10: ACCIONES DE RACIONALIZACIÓN A DESARROLLAR | L10: PLAN DE EJECUCIÓN | P10: Actividad Cumplida | Q10: Avance % | R10: Observaciones | S10: Actividad Cumplida | T10: Avance % | U10: Observaciones | V10: Actividad Cumplida | W10: Avance % | X10: Observaciones
A11: Tipo | B11: Número | C11: Nombre | D11: Estado | E11: Situación actual | F11: Mejora por implementar | G11: Beneficio al ciudadano o entidad | H11: Tipo racionalización | J11: Acciones racionalización | L11: Fecha inicio | M11: Fecha final racionalización | N11: Responsable | O11: Justificación
A12: Plantilla Único - Hijo | B12: 21641 | C12: Viabilidad y disponibilidad de servicios públicos | D12: Inscrito | E12: El ciudadano accede a la sede administrativa de la Empresa Municipal de Servicios Públicos de Arauca - EMSERPA E.I.C.E. E.S.P para solicitar la visita de inspección, que determine la viabilidad de instalar los servicios públicos (de acueducto y alcantarillado), luego recibe los datos de la cuenta bancaria para pagar el trámite. Con el recibo de consignación regresa a la sede administrativa para que con el soporte del pago le programe la visita de inspección por parte de la Dirección técnico operativa y como resultado se determine si se expide o no el certificado de viabilidad y disponibilidad. | F12: Racionalizar el trámite a una estrategia parcialmente en línea; de modo que el ciudadano por medio electrónico obtenga el valor a pagar y pueda realizarlo. Luego de realizar el pago, se remita por este mismo medio electrónico el soporte de pago para que la Empresa Municipal de Servicios Públicos de Arauca - EMSERPA E.I.C.E. E.S.P. programe la visita de inspección por parte de la Dirección Técnico Operativa y como resultado se determine si se expide o no el certificado de viabilidad y disponibilidad. | G12: Ahorro en costo de transporte. Disminución de tiempo en el proceso desde el pago hasta la obtención del certificado de viabilidad y disponibilidad. | H12: Tecnológica | J12: Pago en línea por pse | L12: 45359 | M12: 45657 | N12: Director Comercial, Director Operativo, Jefe Información y Tecnología, Jefe Oficina Asesora de Planación | O12: Ahorro en costo de transporte. Disminución de tiempo en el proceso desde el pago hasta la obtención del certificado de viabilidad y disponibilidad. | P12: Si | Q12: 1 | R12: Link "tramites.emserpa.gov.co" disponible, en funcionamiento
A14: AVANCE | B14: =A9 -> COMPONENTE 2: Racionalizacion de Trámites
A15: I Monitoreo | B15: =AVERAGE(Q12) -> 1
A16: II Monitoreo | B16: =AVERAGE(T12) -> #DIV/0!
A17: III Monitoreo | B17: =AVERAGE(W12) -> #DIV/0!
A18: Promedio de Avance Componente 2 | B18: =AVERAGE(B15:D17) -> #DIV/0!

Sheet COMP2_RACTRAM_1
A2: REG-PLA-003 | C2: EMSERPA E.I.C.E E.S.P
A3: Versión 01 | C3: PLAN ANTICORRUPCIÓN Y DE ATENCIÓN AL CIUDADANO
A4: Edición: 04/02/2022
A6: Vigencia: 2024
A7: Fecha Publicación: 31 de Enero
A8: COMPONENTE 2: Racionalización de trámites
A10: NOMBRE DE LA ENTIDAD | C10: Empresa Municipal de Servicios Públicos de Arauca - EMSERPA E.I.C.E. E.S.P. | E10: ORDEN | F10: Municipal
A11: SECTOR ADMINISTRATIVO | C11: Superintendencia de Servicios Públicos Domiciliarios - SSPD | E11: VIGENCIA | F11: 2024
A12: DEPARTAMENTO | C12: Arauca
A13: MUNICIPIO | C13: Arauca
A15: PLANEACIÓN DE LA ESTRATEGIA DE RACIONALIZACIÓN
A16: No. | B16: NOMBRE DEL TRÁMITE, PROCESO O PROCEDIMIENTO | D16: TIPO DE RACIONALIZACIÓN | E16: ACCIÓN ESPECÍFICA DE RACIONALIZACIÓN | F16: SITUACIÓN ACTUAL | G16: DESCRIPCIÓN DE LA MEJORA A REALIZAR AL TRÁMITE, PROCESO O PROCEDIMIENTO | H16: BENEFICIO AL CIUDADANO Y/O ENTIDAD | I16: DEPENDENCIA RESPONSABLE | J16: FECHA DE REALIZACIÓN
J17: INICIO dd/mm/aaaa | K17: FIN dd/mm/aaaa
A18: 1 | B18: Servicios digitales con enfoque a clientes satisfechos | D18: Administrativa | E18: Fortalecimiento y difusión de los canales disponibles para atención a clientes y/o usuarios | F18: A raíz de la declaración de emergencia sanitaria por parte del gobierno nacional en el año 2020, la Empresa Municipal de Servicios Públicos de Arauca - EMSERPA E.I.C.E. E.S.P a través del proceso de Atención al usuario habilitó canales digitales con el fin de brindar a los usuarios una forma de conexión e interacción más sencilla, rápida y ágil con la empresa. Inicialmente el usuario accede a la sede administrativa de la Empresa Municipal de Servicios Públicos de Arauca - EMSERPA E.I.C.E. E.S.P para solicitar la visita de inspección, que determine la viabilidad del acceso a los servicios públicos (de acueducto y alcantarillado), luego recibe los datos de la cuenta bancaria para pagar el trámite. Con el recibo de consignación regresa a la sede administrativa para que con el soporte del pago le programe la visita de inspección por parte de la Dirección técnico operativa y como resultado se determine si se expide o no el certificado de viabilidad y disponibilidad de conformidad con lo establecido en el Decreto 3050 de 2013. | G18: Racionalizar el trámite a una estrategia parcialmente en línea; de modo que el ciudadano por medio electrónico obtenga el valor a pagar y este mismo pago pueda ser realizado de forma electrónica. Luego de realizar el pago respectivo, el usuario remite por medio electrónico el soporte de pago para que la Empresa Municipal de Servicios Públicos de Arauca - EMSERPA E.I.C.E. E.S.P programe la visita de inspección por parte de la Dirección técnico operativa y como resultado se determine si se expide o no el certificado de viabilidad y disponibilidad de conformidad con lo establecido en el Decreto 3050 de 2013. | H18: Ofrecer mayor cobertura en canales digitales para nuestros clientes y usuarios, entregando soluciones de autogestión que mejoren e impacten positivamente la calidad de la atención y los tiempos de atención. | I18: Proceso de Atención al Usuario | J18: 45447 | K18: 45657
A19: 2 | F19: A raíz de la declaración de emergencia sanitaria por parte del gobierno nacional en el año 2020, la Empresa Municipal de Servicios Públicos de Arauca - EMSERPA E.I.C.E. E.S.P a través del proceso de Atención al usuario habilitó canales canales digitales con el fin de brindar a los usuarios una forma de conexión e interacción más sencilla, rápida y ágil con la empresa.
A23: NOMBRE DEL RESPONSABLE | E23: NÚMERO DE TELÉFONO
A24: CORREO ELECTRÓNICO | E24: FECHA DE APROBACIÓN DEL PLAN

Sheet COMP3_RENDCUEN
A2: REG-PLA-003 | C2: EMSERPA E.I.C.E E.S.P
A3: Versión 01 | C3: PLAN ANTICORRUPCIÓN Y DE ATENCIÓN AL CIUDADANO
A4: Edición: 04/02/2022
A6: Vigencia: 2024 | G6: I MONITOREO | J6: II MONITOREO | M6: III MONITOREO
A7: Fecha Publicación: 31 de Enero
A8: COMPONENTE 3: Rendición de Cuentas
A9: Subcomponente | B9: Actividades | D9: Meta o Producto | E9: Responsable | F9: Fecha Programada | G9: Actividad Cumplida | H9: Avance % | I9: Observaciones | J9: Actividad Cumplida | K9: Avance % | L9: Observaciones | M9: Actividad Cumplida | N9: Avance % | O9: Observaciones
A10: Subcomponente 1 Información de calidad y en lenguaje comprensible | B10: 1.1 | C10: Publicar informes de rendición de cuentas trimestrales en la sección de transparencia y acceso a la información. | D10: Informe elaborado y publicado en la pagina web de la Empresa Municipal de Servicios Públicos de Arauca - EMSERPA E.I.C.E. E.S.P. | E10: Gerente. Director Comercial. Oficina Asesora Jurídica. Dirección Técnico Operativa. Información y Tecnología. Director Administrativo y Financiero. Oficina Asesora de Control Interno. Oficina Asesora de Planeación. | F10: Seguimiento semestral: Fecha límite I semestre: 28/06/2024 Fecha de Publicación: 19/07/2024 | G10: No | H10: 0 | I10: Cada lider de proceso debe elaborar el informe de gestión de su área, a la feha no se ha realizado.
B11: 1.2 | C11: Diseñar piezas comunicativas y divulgarlas por diversos canales de comunicación . | D11: Piezas comunicativas publicadas en redes sociales institucionales de la Empresa Municipal de Servicios Públicos de Arauca - EMSERPA E.I.C.E. E.S.P. | E11: Gerente. Director Comercial. Oficina Asesora Jurídica. Dirección Técnico Operativa. Información y Tecnología. Director Administrativo y Financiero. Oficina Asesora de Control Interno. Oficina Asesora de Planeación. | F11: Mensual | G11: Si | H11: 1 | I11: Permanentemente se publican actuaciones de la empresa por redes sociales; por lo general se divulgan los aconteciminetos que transcurren en la dirección administrativa y actividades realizadas por la dirección tecnico operativa.
B12: 1.3 | C12: Presentar informe de gestión a la Junta directiva. | D12: Presentación de Informe. | E12: Gerente. Director Comercial. Oficina Asesora Jurídica. Dirección Técnico Operativa. Información y Tecnología. Director Administrativo y Financiero. Oficina Asesora de Control Interno. Oficina Asesora de Planeación. | F12: 45639 | G12: No | H12: 0 | I12: No se ha realizado el informe de gestión de la vigencia.
B13: 1.4 | C13: Publicar en la página web de la entidad los proyectos de inversión (POIR), programas sobre los avances, y beneficios alcanzados. | D13: Publicaciones realizadas. | E13: Gerente. Director Técnico Operativo. Oficina Asesora de Planeación. Director Comercial. Información y Tecnología. | F13: 28/06/2024 27/12/2024 | G13: No | H13: 0 | I13: Se está realizando actualización del POIR, no se tiene avance de los proyectos formulados para la vigencia, no se ha ejecutado algun proyecto que apunte a las metas del POIR, todo esto debido a que los proyectos se van ejecutando según necesidad y liquidez.
A14: Subcomponente 2 Diálogo de doble vía con la ciudadanía y sus organizaciones | B14: 2.1 | C14: Realizar Audiencia de Rendición de Cuentas para la vigencia 2024 con presencia de todos los Directores y Jefes de Oficinas Asesoras. | D14: Audiencia Rendición de Cuentas. | E14: Gerente. Director Comercial. Oficina Asesora Jurídica. Dirección Técnico Operativo. Información y Tecnología. Director Administrativo y Financiero. Oficina Asesora de Control Interno. Oficina Asesora de Planeación. | F14: 45653 | G14: No | H14: 0 | I14: a la fecha no se ha realizado Rendición de cuentas.
B15: 2.2 | C15: Generar espacios de diálogo con la ciudadanía, mediante la implementación de espacios virtuales. | D15: Al finalizar la audiencia pública se proporciona un espacio para la comunidad con la finalidad que realicen preguntas con relación a la Empresa Municipal de Servicios Públicos de Arauca - EMSERPA E.I.C.E. E.S.P, para que la gerencia responda a las inquietudes. Se responderán las preguntas realizadas mediante las redes sociales. | E15: Gerente. Director Comercial. Oficina Asesora Jurídica. Dirección Técnico Operativo. Información y Tecnología. Director Administrativo y Financiero. Oficina Asesora de Control Interno. Oficina Asesora de Planeación. | F15: 45653 | G15: No | H15: 0 | I15: No se han generado los espacios, lo anterior teniendo en cuenta que no se ha realizado rendición de cuentas.
A16: Subcomponente 3 Responder a compromisos propuestos, evaluación y retroalimentación en los ejercicios de rendición de cuentas con acciones correctivas para la mejora. | B16: 3.1 | C16: Aplicar encuestas de evaluación y retroalimentación sobre informes de rendición de cuentas. | D16: Aplicar encuestas virtuales en los espacios de las redes sociales. | E16: Director Comercial. Oficina Asesora de Planeación. | F16: 45653 | G16: No | H16: 0 | I16: No se han realizado informes de rendiciónde cuentas.
B17: 3.2 | C17: Evaluar e implementar acciones de mejora a partir de los eventos de comunicación del desempeño de la Empresa Municipal de Servicios Públicos de Arauca - EMSERPA E.I.C.E. E.S.P. | D17: Analizar los resultados de las encuestas y generar plan de acción de mejoras. | E17: Gerente. Director Comercial. Oficina Asesora Jurídica. Dirección Técnico Operativo. Información y Tecnología. Director Administrativo y Financiero. Oficina Asesora de Control Interno. Oficina Asesora de Planeación. | F17: 45653 | G17: No | H17: 0 | I17: Se espera implementar los planes de acción correspondientes a los resultados del FURAG para la evaluación de la vigencia 2023.
A19: AVANCE | B19: =A8 -> COMPONENTE 3: Rendición de Cuentas
A20: I Monitoreo | B20: =AVERAGE(H10:H17) -> 0.125
A21: II Monitoreo | B21: =AVERAGE(K10:K17) -> #DIV/0!
A22: III Monitoreo | B22: =AVERAGE(N10:N17) -> #DIV/0!
A23: Promedio de Avance Componente 3 | B23: =AVERAGE(B20:D22) -> #DIV/0!

Sheet COMP4_ATENCIUD
A2: REG-PLA-003 | C2: EMSERPA E.I.C.E E.S.P
A3: Versión 01 | C3: PLAN ANTICORRUPCIÓN Y DE ATENCIÓN AL CIUDADANO
A4: Edición: 04/02/2022
A6: Vigencia: 2024 | G6: I MONITOREO | J6: II MONITOREO | M6: III MONITOREO
A7: Fecha Publicación: 31 de Enero
A8: COMPONENTE 4: Mecanismo para Mejorar la Atención al Ciudadano
A9: Subcomponente | B9: Actividades | D9: Meta o Producto | E9: Responsable | F9: Fecha Programada | G9: Actividad Cumplida | H9: Avance % | I9: Observaciones | J9: Actividad Cumplida | K9: Avance % | L9: Observaciones | M9: Actividad Cumplida | N9: Avance % | O9: Observaciones
A10: Subcomponente 1 Estructura Administrativa y Direccionamiento Estratégico | B10: 1.1 | C10: Realizar diagnóstico de la estructura física del área comercial, para garantizar a largo plazo la accesibilidad al ciudadano o usuario. | D10: Diagnóstico a infraestructura. | E10: Director Administrativo y Financiero. | F10: 45551 | G10: No | H10: 0 | I10: No se ha realizado el diagnóstico.
B11: 1.2 | C11: Realizar acompañamiento al proceso de atención al usuario, para revisar y programar la actualización y/o creación de la información documentada perteneciente al sistema de gestión de Calidad de la Empresa Municipal de Servicios Públicos de Arauca - EMSERPA E.I.C.E. E.S.P. | D11: Acompañamiento realizado | E11: Oficina Asesora de Planeación. Coordinador de Planeación y Gestión de Calidad. | F11: 45471 | G11: Si | H11: 0.5 | I11: Se realizó el acompañamiento, sin embargo se hace necesario que el área realice las actualizaciones correspondientes a los procedimientos.
A12: Subcomponente 2 Fortalecimiento de los canales de atención | B12: 2.1 | C12: Verificar la evidencia de las capacitaciones realizadas al personal en el tema de atención al cliente. | D12: (No. Capacitaciones ejecutadas / No. Capacitaciones programadas) x 100 | E12: Director Administrativo y Financiero. Coordinador de Personal. | F12: 45442 | G12: En Proceso | H12: 0 | I12: A la fecha no se tiene actualizado el plan anual de capacitaciones. Se requiere programar reunión con el jefe de talento humano.
B13: 2.2 | C13: Realizar la inducción/reinducción a los trabajadores de la entidad. (Incluye personal de planta y CPS) | D13: Inducción/reinducción realizada | E13: Coordinador de Personal. SST. Coordinador de Planeación y gestión de Calidad. | F13: 45450 | G13: No | H13: 0 | I13: No se ha realizado inducción ni reinducción al personal de planta y/o personal con prestaciones de servicio
A14: Subcomponente 3 Talento Humano | B14: 3.1 | C14: Verificar que se realicen los cierres respectivos a las órdenes solicitadas por los usuarios a través de la línea 3187921353. Verificar las solicitudes entrantes por correspondencia, por la línea 3187921353 y a través de la página web. | D14: 1. (No. Ordenes cerradas / No. Total de ordenes radicadas) x 100 2. Número de ordenes radicadas. | E14: Director comercial. Oficina de Control Interno. | F14: Mensual | G14: Si | H14: 1 | I14: Se realiza el cierre delas órdenes recibidas por medio de la plataforma, el director comercial hace seguimiento a la funcionaria a cargo, y se pasa reporte a la oficina de atención al cliente.
B15: 3.2 | C15: Verificar que las solicitudes de la línea 3187921353 se atiendan y se reporten en sus respectivos informes. Verificar que las solicitudes allegadas por correspondencia, la línea 3187921353 y por vía web, entre otros; se reporten en los respectivos informes. | D15: (No. Ordenes Cerradas / No. Total de ordenes radicadas) x 100 | E15: Director comercial. Director operativo. Oficina de Control Interno. Oficina Asesora de Planeación. | F15: Mensual | G15: Si | H15: 1 | I15: Se hace la atencióna las soilicitudes de la comunidad y se realizan los reportes correspondientes.
D16: Informe semestral | E16: Oficina de Control Interno. Oficina Asesora de Planeación. | F16: Semestral | G16: En Proceso | H16: 0.5 | I16: Se encuentra en consolidación de la información.
A17: Subcomponente 4 Normativo y procedimental | B17: 4.1 | C17: Creación y actualización de las tablas de retención documental. | D17: Tablas de retención documental actualizadas | E17: Director Administrativo y Financiero, Coordinador de gestión documental (archivo) | F17: 45646 | G17: No | H17: 0 | I17: No se ha realizado a la fecha.
B18: 4.2 | C18: Verificación y actualización de los procedimientos del área de atención al cliente. | D18: (Procedimientos actualizados / Total de Procedimientos programados para actualización) x 100 | E18: Oficina Asesora de Planeación. Coordinador de Planeación y gestión de Calidad. | F18: 45503 | G18: Si | H18: 0.5 | I18: Todos los procedimientos del área de atención al cliente se encuentran aprobados y vigentes, no se han solicitado modificaciones en estos ante el proceso de calidad, sin embargo se requiere realizar actualizaciones para la vigencia en curso.
B19: 4.3 | C19: Realizar seguimiento a los derechos de petición del área de atención al cliente y atención a comunidades. | D19: Seguimientos semestrales | E19: Director comercial. Oficina de Control Interno. | F19: 28/06/2024 20/12/2024 | G19: Si | H19: 1 | I19: La oficina de atención al cliente envía reporte de los PQR´S, a corte de junio se han recibido y respondido 100 en total.
B20: 4.4 | C20: Implementar protocolos de servicio al ciudadano en el área comercial para garantizar la calidad y cordialidad en la atención al ciudadano. | D20: Información documentada de servicio al ciudadano aprobada y socializada. | E20: Director Comercial, Coordinación de Atención al Cliente y Comunidades y Coordinador de Planeación y gestión de Calidad. | F20: 45503 | G20: Si | H20: 0.5 | I20: La coordinadora de atención al ciudadano y comunidades realiza una breve presentación a las personas que tienen contacto directo con la atención al ciudadano y establece las pautas necesarias para una atención de calidad y cordial.
A21: Subcomponente 5 Relacionamiento con el ciudadano | B21: 5.1. | C21: Medir la Percepción del ciudadano en relación con la prestación del servicio de acueducto y alcantarillado por cada semestre del año. | D21: (No. de encuestas realizadas / No. de encuestas programadas) x 100 | E21: Director Comercial, Coordinación de Atención al Cliente y Comunidades y Prensa. | F21: 28/06/2024 20/12/2024 | G21: Si | H21: 1 | I21: Se realizan la medición por medio de encuentas de satisfacción al usuario, a la fecha se han realizado 438, según lo evidenciado en el reporte de la oficina de atención al cliente.
A23: AVANCE | B23: =A8 -> COMPONENTE 4: Mecanismo para Mejorar la Atención al Ciudadano
A24: I Monitoreo | B24: =AVERAGE(H10:H21) -> 0.5
A25: II Monitoreo | B25: =AVERAGE(K10:K21) -> #DIV/0!
A26: III Monitoreo | B26: =AVERAGE(N10:N21) -> #DIV/0!
A27: Promedio de Avance Componente 4 | B27: =AVERAGE(B24:D26) -> #DIV/0!

Sheet COMP5_TRANSINFOR
A2: REG-PLA-003 | C2: EMSERPA E.I.C.E E.S.P
A3: Versión 01 | C3: PLAN ANTICORRUPCIÓN Y DE ATENCIÓN AL CIUDADANO
A4: Edición: 04/02/2022
A6: Vigencia: 2024 | G6: I MONITOREO | J6: II MONITOREO | M6: III MONITOREO
A7: Fecha Publicación: 31 de Enero
A8: COMPONENTE 5: Transparencia y acceso de la información
A9: Subcomponente | B9: Actividades | D9: Meta o Producto | E9: Responsable | F9: Fecha Programada | G9: Actividad Cumplida | H9: Avance % | I9: Observaciones | J9: Actividad Cumplida | K9: Avance % | L9: Observaciones | M9: Actividad Cumplida | N9: Avance % | O9: Observaciones
A10: Subcomponente 1 Líneas de transparencia activa | B10: 1.1 | C10: Monitorear el cumplimiento de la Ley 1712 de 2014 en página web de la Empresa Municipal de Servicios Públicos de Arauca - EMSERPA E.I.C.E. E.S.P. | D10: (Monitoreos realizados / Monitoreos programados) x 100 | E10: Jefe Información y Tecnología. | F10: Se realizan monitoreos cuatrimestrales: I Cuatrimestre: Enero-Abril Fecha de monitoreo: 30/04/2024 II Cuatrimestre: Mayo-Agosto Fecha de monitoreo: 30/08/2024 III Cuatrimestre: Septiembre-Diciembre Fecha de monitoreo: 10/01/2025 | G10: Si | H10: 1 | I10: El jefe de información y tecnología realiza las publicaiones solicitadas por los líderes de procesos, de esta forma se mantiene actualizada la página y la información para los usuarios.
A11: Subcomponente 2 Lineamientos de transparencia pasiva | B11: 2.1 | C11: Gestión de la PQRS con énfasis en el contenido, oportunidad y aplicando la gratuidad | D11: (PQRS solucionadas / PQRS recibidas) x 100 | E11: Coordinadora de atención al Cliente y Comunidades. | F11: Se realiza seguimiento Semestral: I Semestre: Enero-Junio Fecha de seguimiento: 12/07/2024 II Semestre: Julio-Diciembre Fecha de seguimiento: 10/01/2025 | G11: Si | H11: 1 | I11: La líder del procesos de atención al usuario da respuesta a las PQR´s allegadas a la empresa, a la fecha se han registrado 100 PQR´s y ningún silencio.
A12: Subcomponente 3 Elaboración de instrumentos de Gestión de la Información | B12: 3.1 | C12: Ajustar la pagina web dando cumplimiento a la Resolución 1519 de 2020 por la MinTIC. Índice de Transparencia y Acceso a la Información-ITA | D12: Ajuste a pagina web de la Empresa Municipal de Servicios Públicos de Arauca - EMSERPA E.I.C.E. E.S.P | E12: Jefe Información y Tecnología. | F12: 45657 | G12: En Proceso | H12: 0.5 | I12: La página Web de la empresa se encuentra en constante actualización, se busca garantizar el orden y acceso a la información.
B13: 3.2 | C13: El Registro o inventario de activos de Información, se debe actualizar semestralmente. | D13: Actualización semestral de activos de la información. | E13: Jefe Información y Tecnología. Coordinador de Archivo. | F13: 28/06/2024 20/12/2024 | G13: Si | H13: 1 | I13: El jefe de información y tecnología realiza copias de seguridad diria, semanal, mesualmente, semestral y anualmente, con el fin de garantizar y actualizar los activod deinformación.
B14: 3.3 | C14: Publicar en el SIGEP lo establecido en la ley 2013 del 2019, por la Presidencia de la Republica. | D14: Publicación de las Declaraciones de Bienes y Rentas | E14: Director Administrativo y Financiero. Coordinador de Personal. | F14: 45442 | G14: En Proceso | H14: 0.5 | I14: El personal OPS anexa el formulario de Declaración de bienes y rentas al momento de ser contratado, el personal de planta de la empresa tiene hasta el 31 de julio para realizar la respectiva declaración.
A15: Subcomponente 4 Criterio diferencial de Accesibilidad | B15: 4.1 | C15: Fortalecer los puntos atención al usuario con mecanismos de acceso a la población en condición de discapacidad. | D15: Accesibilidad a la población en situación de discapacidad y señalizaciones con lenguaje inclusivo. | E15: Jefe Información y Tecnología. | F15: 45623 | G15: Si | H15: 1 | I15: La información disponible para el ciudadano se encuentra en la página de la entidad, sin embargo, hay diferentes vias de acceso dentro de la página, lo cual puede dificultar encontrar la información que se solicita, por lo que se encuentra en desarrollo una nueva página para la empresa la cual cumple tambien los estándares para la población en ituación de discapacidad.
B16: 4.2 | C16: Actualizar la información de los tramites de la Empresa Municipal de Servicios Públicos de Arauca - EMSERPA E.I.C.E. E.S.P publicados en el Sistema Único de Información de Trámites - SUIT. | D16: Informe de actualización del SUIT. | E16: Jefe Información y Tecnología. Jefe Oficina Asesora de Planeación. | F16: 45653 | G16: En Proceso | H16: 0.5 | I16: Se tiene programada una reunión con los lideres de proceso con el fin de informar los informes pendientes por cargar a SUIT
A17: Subcomponente 5 Monitoreo del Acceso a la información Pública | B17: 5.1 | C17: Seguimiento al acceso a información pública, se debe generar un informe de solicitudes de acceso a información que contenga: 1. El número de solicitudes recibidas. 2. El número de solicitudes que fueron trasladadas a otra institución. 3. El tiempo de respuesta a cada solicitud. 4. El número de solicitudes en las que se negó el acceso a la información y la justificación. | D17: Seguimiento al acceso de la información solicitada. | E17: Jefe Oficina Asesora de Planeación, Secretaria de Gerencia, Coordinadora de atención al Cliente y Comunidades. | F17: Se realiza seguimiento Semestral: I Semestre: Enero-Junio Fecha de seguimiento: 12/07/2024 II Semestre: Julio-Diciembre Fecha de seguimiento: 10/01/2025 | G17: Si | H17: 0.5 | I17: Todas las áreas involucradas en consolidad las solicitudes recibidas se encuentran adelantando el informe de gestión semestral, para dar cumplimiento a esta actividad.
B18: 5.2 | C18: Registrar y publicar las hojas de vida de los servidores públicos y trabajadores oficiales de la Empresa Municipal de Servicios Públicos de Arauca - EMSERPA E.I.C.E. E.S.P en el SIGEP II. | D18: Registro y publicación al SIGEP | E18: Director Administrativo y Financiero, Coordinador de Personal. | F18: 45653 | G18: Si | H18: 1 | I18: El coordinador de personal tiene actualizadas las hojas de vida en el Sigep II para cada trabajador oficial.
B19: 5.3 | C19: Registrar y publicar las hojas de vida de los contratistas de la Empresa Municipal de Servicios Públicos de Arauca - EMSERPA E.I.C.E. E.S.P en el SIGEP II. | D19: Registro y publicación al SIGEP | E19: Jefe Oficina Asesora Jurídica. | F19: Permanente | G19: Si | H19: 1 | I19: La oficina Jurídica, verifica el cumplimineto en la actualización de las hojas de vida de cada contratista, previo a emitir el contrato que lo vincula con la empresa.
A21: AVANCE | B21: =A8 -> COMPONENTE 5: Transparencia y acceso de la información
A22: I Monitoreo | B22: =AVERAGE(H10:H19) -> 0.8
A23: II Monitoreo | B23: =AVERAGE(K10:K19) -> #DIV/0!
A24: III Monitoreo | B24: =AVERAGE(N10:N19) -> #DIV/0!
A25: Promedio de Avance Componente 5 | B25: =AVERAGE(B22:D24) -> #DIV/0!

Sheet COMP6_INICADIC
A2: REG-PLA-003 | C2: EMSERPA E.I.C.E E.S.P
A3: Versión 01 | C3: PLAN ANTICORRUPCIÓN Y DE ATENCIÓN AL CIUDADANO
A4: Edición: 04/02/2022
A6: Vigencia: 2024 | G6: I MONITOREO | J6: II MONITOREO | M6: III MONITOREO
A7: Fecha Publicación: 31 de Enero
A8: COMPONENTE 6: Iniciativas Adicionales
A9: Subcomponente | B9: Actividades | D9: Meta o Producto | E9: Responsable | F9: Fecha Programada | G9: Actividad Cumplida | H9: Avance % | I9: Observaciones | J9: Actividad Cumplida | K9: Avance % | L9: Observaciones | M9: Actividad Cumplida | N9: Avance % | O9: Observaciones
A10: Subcomponente 1 Política de Integridad | B10: 1.1 | C10: Actualización y socialización del código de integridad (Conflicto de interés) | D10: Documento donde se evidencie que las personas vinculadas a la Empresa Municipal de Servicios Públicos de Arauca - EMSERPA E.I.C.E. E.S.P asistieron a la socialización. | E10: Coordinador de Talento Humano. Oficina Asesora de Planeación. | F10: 45412 | G10: No | H10: 0 | I10: A la fecha no se ha realizado la actualización y socialización del código de integridad.
B11: 1.2 | C11: Ejecutar 2 actividades durante la vigencia fiscal según lo establecido por DAFP en el plan de acción. FURAG. | D11: Actividades a ejecutar/Número de actividades ejecutadas | E11: Coordinador de Talento Humano. SST. | F11: 30/07/2024 29/11/2024 | G11: No | H11: 0 | I11: A la feha no se han realizado actividades en el marco del plan de acción.
A13: AVANCE | B13: =A8 -> COMPONENTE 6: Iniciativas Adicionales
A14: I Monitoreo | B14: =AVERAGE(H10:H11) -> 0
A15: II Monitoreo | B15: =AVERAGE(K10:K11) -> #DIV/0!
A16: III Monitoreo | B16: =AVERAGE(N10:N11) -> #DIV/0!
A17: Promedio de Avance Componente 6 | B17: =AVERAGE(B14:D16) -> #DIV/0!
A19: ELABORO:
A21: JEFE OFICINA ASESORA DE PLANEACION EMSERPA

Sheet Hoja1
B2: PROBABILIDAD | C2: IMPACTO | E2: NIVEL PROBABILIDAD | G2: NIVEL IMPACTO
B4: Rara vez | C4: Moderado | E4: 1 | G4: 5 | I4: 5 | J4: Baja
B5: Improbable | C5: Mayor | E5: 2 | G5: 10 | I5: 10 | J5: Baja
B6: Posible | C6: Catastrófico | E6: 3 | G6: 20 | I6: 15 | J6: Moderada
B7: Probable | E7: 4 | I7: 20 | J7: Moderada
B8: Casi seguro | E8: 5 | I8: 25 | J8: Moderada
I9: 30 | J9: Alta
I10: 40 | J10: Alta
I11: 50 | J11: Alta
I12: 60 | J12: Extrema
I13: 80 | J13: Extrema
I14: 100 | J14: Extrema
